 Dungeon Crawl Stone Soup version 0.30.0-19-g36f170ea60 (webtiles) character file.

Game seed: 5769555887971056634

76888 Fymir27 the Fighter (level 15, -1/159 HPs)
             Began as an Ogre Fire Elementalist on May 28, 2023.
             Was an Elder of Vehumet.
             Killed from afar by Frances (47 damage)
             ... with a shard of ice
             ... on level 12 of the Dungeon.
             The game lasted 02:37:46 (27171 turns).

Fymir27 the Fighter (Ogre Fire Elementalist)       Turns: 27171, Time: 02:37:46

Health: -1/159     AC: 10    Str: 22    XL:     15   Next: 55%
Magic:  20/28      EV:  9    Int: 26    God:    Vehumet [****..]
Gold:   1134       SH: 16    Dex: 11    Spells: 5/33 levels left

rFire   + . .        g - staff of fire
rCold   . . .        N - +0 tower shield
rNeg    . . .        Q - +3 troll leather armour {Snorg}
rPois   .            w - +1 hat
rElec   .            (no cloak)
rCorr   .            (gloves unavailable)
SInv    .            (boots unavailable)
Will    +....        (no amulet)
Stlth   ++           q - +6 ring of intelligence
HPRegen 1.26/turn    G - +6 ring of strength
MPRegen 0.21/turn

%: no passive effects
@: no status effects
A: large, unfitting armour, tough skin 1
a: Renounce Religion


You were on level 12 of the Dungeon.
You worshipped Vehumet.
Vehumet was greatly pleased with you.
You visited 3 branches of the dungeon, and saw 18 of its levels.
You also visited: Sewer and Bailey.

You collected 1134 gold pieces.

Inventory:

Hand Weapons
 a - a +2 rapier of protection
 i - a +0 dagger of electrocution
 Z - a +0 demon trident of pain
Missiles
 D - 26 poisoned darts (quivered)
 I - a datura-tipped dart
 J - 8 large rocks
Armour
 t - a +0 kite shield
 w - a +1 hat (worn)
 M - +0 swamp dragon scales
 N - a +0 tower shield (worn)
 Q - a +3 troll leather armour (worn) {Snorg}
 U - +0 steam dragon scales
Magical Staves
 g - a staff of fire (weapon)
 V - a staff of conjuration
Jewellery
 q - a +6 ring of intelligence (left hand)
 G - a +6 ring of strength (right hand)
 K - a ring of resist corrosion
Wands
 f - a wand of polymorph (8)
 k - a wand of flame (44)
 E - a wand of acid (10)
 L - a wand of roots (15)
Scrolls
 e - 2 scrolls of teleportation
 j - 2 scrolls of fog {unknown}
 l - 2 scrolls of poison
 m - 4 scrolls of vulnerability
 n - 3 scrolls of enchant weapon
 v - a scroll of identify
 x - 2 scrolls of blinking
 y - 4 scrolls of magic mapping
 z - 3 scrolls of silence
 A - 2 scrolls of fear
 C - a scroll of enchant armour {unknown}
 F - 3 scrolls of brand weapon {unknown}
 H - a scroll of acquirement {unknown}
 O - a scroll of torment {unknown}
 P - 3 scrolls of immolation {unknown}
 W - 2 scrolls of summoning {unknown}
 Y - 2 scrolls of amnesia {unknown}
Potions
 b - 6 potions of magic
 c - 4 potions of lignification
 d - 4 potions of heal wounds
 h - 4 potions of attraction
 o - 6 potions of curing
 p - 2 potions of cancellation
 r - 7 potions of brilliance
 s - 5 potions of mutation
 B - a potion of invisibility
 R - 3 potions of flight
 S - 3 potions of might
 T - a potion of haste
 X - 2 potions of resistance


   Skills:
 + Level 13.0 Fighting
 + Level 1.1 Staves
 + Level 6.5 Armour
 + Level 6.2 Dodging
 - Level 3.0 Stealth
 + Level 11.3 Shields
 + Level 9.5 Spellcasting
 + Level 9.3 Conjurations
 - Level 3.0 Hexes
 + Level 3.5 Translocations
 + Level 9.3 Fire Magic
 * Level 4.2 Air Magic
 - Level 2.0 Poison Magic
 + Level 4.6 Evocations


You had 5 spell levels left.
You knew the following spells:

 Your Spells              Type           Power      Damage    Failure   Level
a - Magic Dart            Conj           100%       1d8       1%          1
b - Scorch                Fire           100%       2d9       1%          2
c - Foxfire               Conj/Fire      100%       2x1d9     1%          1
d - Volatile Blastmotes   Fire/Tloc      100%       2d18      1%          3
e - Flame Wave            Conj/Fire      75%        2d17      1%          4
f - Inner Flame           Hex/Fire       61%        N/A       1%          3
g - Mephitic Cloud        Conj/Pois/Air  39%        N/A       1%          3
h - Fulminant Prism       Conj/Hex       22%        3d12      4%          4
i - Ignite Poison         Fire/Tmut/Pois 48%        N/A       3%          3
j - Airstrike             Air            17%        2d(3-19)  9%          4

Your spell library contained the following spells:

 Spells                   Type           Power      Damage    Failure   Level
 Freezing Cloud           Conj/Ice/Air   18%        6-21      21%         5
 Static Discharge         Conj/Air       94%        2-6/arc   1%          2
 Apportation              Tloc           62%        N/A       4%          1
 Slow                     Hex            100%       N/A       5%          1
 Arcjolt                  Conj/Air       23%        1d33      9%          5
 Gell's Gravitas          Tloc           31%        N/A       13%         3
 Teleport Other           Tloc           31%        N/A       13%         3
 Confusing Touch          Hex            28%        N/A       17%         3
 Beastly Appendage        Tmut           24%        N/A       19%         1
 Necrotise                Necr           48%        1d6       19%         1
 Summon Small Mammal      Summ           48%        N/A       19%         1
 Sublimation of Blood     Necr           12%        N/A       28%         2
 Wereblood                Tmut           12%        N/A       28%         2
 Spider Form              Tmut/Pois      17%        N/A       36%         3
 Vampiric Draining        Necr           12%        2d6       50%         3
 Cause Fear               Hex            14%        N/A       50%         4
 Summon Lightning Spire   Summ/Air       23%        N/A       61%         4
 Agony                    Necr           12%        N/A       99%         5
 Dispersal                Tloc           15%        N/A       100%        6
 Dragon Form              Tmut           6%         N/A       100%        7
 Summon Hydra             Summ           6%         N/A       100%        7
 Dragon's Call            Summ           6%         N/A       100%        9


Dungeon Overview and Level Annotations

Branches:
Dungeon (13/15)            Temple (1/1) D:6            Lair (4/5) D:11
 Shoals (0/4) Lair:3        Snake (0/4) Lair:2        Slime (0/5) Lair:4
    Orc (0/2) D:12          Sewer (visited)          Bailey (visited)
 Vaults: D:13-14

Altars:
Ashenzari
Cheibriados
Dithmenos
Elyvilon
Fedhas
Gozag
Hepliaklqana
Kikubaaqudgha
Makhleb
Nemelex Xobeh
Okawaru
Qazlal
Ru
Sif Muna
Trog
Uskayaw
Vehumet
Wu Jian
Xom
Yredelemnul
Zin
The Shining One

Annotations:
D:12 Frances
Lair:1 2 transporters, Graphine's ghost, journeyman TrMo


Innate Abilities, Weirdness & Mutations

You are too large for most types of armour.
You have tough skin. (AC +1)


Message History

You block Frances's attack.
Casting: Fulminant Prism (mildly dangerous; 4% risk of failure)
Confirm with . or Enter, or press ? or * to list all spells.
You feel a surge of power!
A cloud of volatile blastmotes flares up around you!
You block Frances's attack. You block the red devil's attack.
Frances attacks as you move away!
Frances hits you with a +2 flail of holy wrath!
The cloud of blastmotes explodes!
The concussive blast engulfs Frances!!
Frances is moderately wounded.
The concussive blast engulfs you. You resist.
You are knocked back by the blast.
Frances attacks as you move away!
Frances hits you with a +2 flail of holy wrath!!
Frances attacks as you move away! You block Frances's attack.
Frances hits you with a +2 flail of holy wrath!
You see here a +0 giant spiked club.
Frances hits you with a +2 flail of holy wrath.
Things that are here:
a +0 giant spiked club; a +0 great mace
There is a stone staircase leading up, spattered with blood here.
You block Frances's attack. x2
You climb upwards.
The red devil disappears in a puff of smoke!
There is a stone staircase leading down here.
As you read the scroll of fear, it crumbles to dust.
You assume a fearsome visage.
Frances easily resists.
Frances mutters in a terrible tongue.
The shard of ice hits you!!!
* * * LOW HITPOINT WARNING * * *
Blink to where?
Press: ? - help, Dir - move target
As you read the scroll of blinking, it crumbles to dust.
Casting: Volatile Blastmotes (safe; 1% risk of failure)
Confirm with . or Enter, or press ? or * to list all spells.
You feel a surge of power!
A cloud of volatile blastmotes flares up around you!
Frances mutters in a terrible tongue.
The shard of ice hits you!!!
You die...

......#.#.......# #######'#.....
##.##.#.#.......# #.#####.
##.##.#.#..#'#'## #####.......
......#.####.#.# #...........
.#....#.##.....# #.##########
.###.##....##### #.# #.. .#
#........@..# #.# ###
.#######....##ยง#######.#
.#.....'....##..@......#
....####....##.....)...#
########....##.........##########
......>@.....'...................
.#.#........##...................
.......#....##.................(.
............##########..........#
.#####.###### ########..........#
......)# #......'..........#


You could see Frances (fast).

Vanquished Creatures
  Gastronok (Lair:3)
  A dire elephant (Lair:4)
  Snorg (D:12)
  Josephine (D:11)
  Erolcha (D:11)
  A catoblepas (D:13)
  2 hydras
  2 boulder beetles
  3 two-headed ogres
  Urug (Lair:3)
  A deep elf knight (D:12)
  A skyshark (Lair:3)
  Lodul (D:13)
  A deep elf archer (D:12)
  Pikel (D:7)
  An orc knight (Bailey)
  An ugly thing (D:13)
  3 deep elf pyromancers
  A wizard (D:11)
  A manticore (D:12)
  19 elephants
  3 cyclopes
  A black mamba (Lair:1)
  2 gargoyles
  2 kobold demonologists (D:9)
  7 cane toads
  Maggie (D:8)
  A rime drake (Lair:2)
  An unseen horror (D:13)
  5 komodo dragons
  2 burning bushes (Lair:2)
  4 trolls
  4 polar bears (Lair:1)
  A hornet (Lair:1)
  5 blink frogs (Lair:4)
  A dream sheep (shapeshifter) (D:13)
  A shadow (D:12)
  3 slime creatures (Lair:4)
  7 wraiths
  A spriggan (Lair:4)
  6 wyverns
  49 yaks
  Eustachio (D:6)
  A steam dragon (D:11)
  4 vampire mosquitoes (D:13)
  6 basilisks
  3 nagas (Lair:2)
  9 water moccasins
  4 hell hounds
  5 orc warriors
  The ghost of FelidPro the Conjurer, an amateur FeCj (D:4)
  2 sky beasts
  An ice beast (D:7)
  6 black bears
  11 ogres
  22 wolves
  7 centaurs
  4 kobold brigands
  18 bullfrogs
  2 gnoll sergeants
  6 scorpions
  7 wights
  25 killer bees
  2 howler monkeys
  3 electric eels (Lair:3)
  A crimson imp (D:11)
  4 hounds
  A gnoll bouda (D:7)
  4 jellies
  5 orc priests
  An iguana (D:6)
  9 orc wizards
  2 sleepcaps
  2 hell rats (Lair:4)
  Terence (D:1)
  Robin (D:2)
  11 gnolls
  9 adders
  10 river rats (Lair:4)
  A shadow imp (D:5)
  5 white imps
  An ufetubus (D:5)
  2 worms
  36 orcs
  8 ball pythons
  5 bats
  11 endoplasms
  4 giant cockroaches
  9 hobgoblins
  10 jackals
  21 kobolds
  5 quokkas (D:4)
  3 frilled lizards
  22 goblins
  2 rats (Lair:4)
  A foxfire (D:13)
  2 fulminant prisms (D:11)
511 creatures vanquished.

Vanquished Creatures (collateral kills)
  Kirke (D:13)
  2 hogs (D:13)
  6 foxfires
9 creatures vanquished.

Vanquished Creatures (others)
  A human (D:13)
  1519 foxfires
  64 fulminant prisms
1584 creatures vanquished.

Grand Total: 2104 creatures vanquished

Notes
Turn   | Place    | Note
-------+----------+-------------------------------------------
     0 | D:1      | Fymir27 the Ogre Fire Elementalist began the quest for the
                  | Orb.
     0 | D:1      | Reached XP level 1. HP: 16/16 MP: 3/3
   127 | D:1      | Reached skill level 1 in Conjurations
   180 | D:1      | Reached XP level 2. HP: 26/26 MP: 0/5
   335 | D:1      | Reached skill level 1 in Fighting
   357 | D:1      | Learned a level 2 spell: Scorch
   937 | D:1      | Reached XP level 3. HP: 33/33 MP: 4/7
  1498 | D:2      | Noticed Terence
  1512 | D:1      | Killed Terence
  1646 | D:2      | Reached XP level 4. HP: 42/42 MP: 2/8
  1899 | D:2      | Reached skill level 2 in Fighting
  2391 | D:2      | Noticed Robin
  2394 | D:2      | Killed Robin
  2395 | D:2      | Reached XP level 5. HP: 49/49 MP: 0/9
  2894 | D:3      | Found a blossoming altar of Fedhas.
  2954 | D:3      | Reached skill level 1 in Shields
  3185 | D:3      | Reached XP level 6. HP: 51/59 MP: 3/11
  3645 | D:4      | Found a large runed translucent door.
  3646 | D:4      | Found a large runed translucent door.
  3647 | D:4      | Noticed FelidPro's ghost (amateur FeCj)
  3766 | D:4      | Reached skill level 3 in Fighting
  3888 | D:4      | Found a shimmering altar of Xom.
  3959 | D:4      | Found a glowing drain.
  3977 | Sewer    | Entered a sewer
  4107 | Sewer    | Noticed a water moccasin
  4112 | Sewer    | Killed a water moccasin
  4113 | Sewer    | Reached XP level 7. HP: 60/67 MP: 7/12
  4769 | D:4      | Killed FelidPro's ghost
  4845 | D:5      | Entered Level 5 of the Dungeon
  5210 | D:5      | Reached skill level 4 in Fighting
  5210 | D:5      | Reached XP level 8. HP: 43/78 MP: 4/14
  5865 | D:5      | Reached skill level 5 in Fighting
  5958 | D:5      | Reached skill level 5 in Shields
  6336 | D:6      | Reached XP level 9. HP: 77/88 MP: 4/15
  6514 | D:6      | Found a staircase to the Ecumenical Temple.
  6523 | Temple   | Entered the Ecumenical Temple
  6854 | D:6      | Reached skill level 5 in Fire Magic
  6865 | D:6      | Reached skill level 6 in Fighting
  7176 | D:6      | Noticed Eustachio
  7210 | D:6      | Killed Eustachio
  8292 | D:7      | Noticed Pikel
  8359 | D:7      | Killed Pikel
  8360 | D:7      | Reached skill level 7 in Fighting
  8360 | D:7      | Reached skill level 5 in Conjurations
  8375 | D:7      | Learned a level 3 spell: Inner Flame
  8379 | D:7      | Learned a level 3 spell: Volatile Blastmotes
  8384 | D:7      | Learned a level 4 spell: Flame Wave
  8559 | D:7      | Reached XP level 10. HP: 102/102 MP: 12/16
  8886 | D:7      | Reached skill level 1 in Hexes
  8992 | D:7      | Reached skill level 1 in Translocations
  9590 | D:8      | Noticed Maggie
 10439 | D:8      | Found a sacrificial altar of Ru.
 10440 | D:8      | Found a radiant altar of Vehumet.
 10441 | D:8      | Found a stormy altar of Qazlal.
 10442 | D:8      | Found a hide-covered altar of Uskayaw.
 10443 | D:8      | Found a broken altar of Ashenzari.
 10448 | D:8      | Became a worshipper of Vehumet
 10514 | D:8      | Found a shadowy altar of Dithmenos.
 10633 | D:8      | Killed Maggie
 10634 | D:8      | Reached skill level 8 in Fighting
 10772 | D:7      | Reached skill level 5 in Spellcasting
 11736 | D:8      | Reached skill level 1 in Armour
 11736 | D:8      | Reached XP level 11. HP: 113/113 MP: 11/18
 11750 | D:8      | Reached * piety under Vehumet
 11750 | D:8      | Offered knowledge of Magic Dart by Vehumet.
 11756 | D:8      | Learned a level 1 spell: Magic Dart
 12565 | D:9      | Found an ornate altar of the Wu Jian Council.
 12998 | D:9      | Reached skill level 9 in Fighting
 13108 | D:10     | Entered Level 10 of the Dungeon
 13198 | D:10     | Noticed a two-headed ogre
 13228 | D:10     | Noticed a two-headed ogre
 13540 | D:10     | Reached ** piety under Vehumet
 13540 | D:10     | Offered knowledge of Momentum Strike by Vehumet.
 13546 | D:10     | Found a flagged portal.
 13556 | Bailey   | Entered a bailey
 13696 | Bailey   | Noticed an orc knight
 13727 | Bailey   | Killed an orc knight
 13879 | Bailey   | Found a large runed translucent door.
 13879 | Bailey   | Found a large runed translucent door.
 13880 | Bailey   | Noticed a deep elf pyromancer
 13959 | Bailey   | Killed a deep elf pyromancer
 13983 | Bailey   | Identified the +1 helmet "Gomu" {rF+ Dex+3}
 14083 | D:10     | Found a glowing golden altar of the Shining One.
 14253 | D:10     | Killed a two-headed ogre
 14315 | D:10     | Killed a two-headed ogre
 14800 | D:11     | Noticed a two-headed ogre
 14804 | D:11     | Killed a two-headed ogre
 14805 | D:11     | Reached XP level 12. HP: 110/126 MP: 19/22
 14863 | D:11     | Reached skill level 10 in Fighting
 15330 | D:11     | Got the Spellbook of Changed Conflict
 15337 | D:11     | Learned a level 3 spell: Mephitic Cloud
 15342 | D:11     | Learned a level 4 spell: Fulminant Prism
 15382 | D:11     | Noticed Erolcha
 15584 | D:12     | Offered knowledge of Frozen Ramparts by Vehumet.
 15998 | D:12     | Found a staircase to the Orcish Mines.
 16494 | D:12     | Reached skill level 1 in Poison Magic
 16882 | D:12     | Reached skill level 1 in Air Magic
 17260 | D:12     | Noticed Snorg
 17273 | D:12     | Killed Snorg
 17558 | D:12     | Noticed Josephine
 17635 | D:11     | Killed Josephine
 18154 | D:12     | Noticed a deep elf knight
 18349 | D:13     | Noticed Kirke
 18414 | D:13     | Noticed Lodul
 18424 | D:12     | Reached *** piety under Vehumet
 18533 | D:13     | Noticed a catoblepas
 18791 | D:12     | Killed a deep elf knight
 19155 | D:11     | Killed Erolcha
 19156 | D:11     | Reached skill level 11 in Fighting
 19429 | D:11     | Reached skill level 1 in Evocations
 19429 | D:11     | Reached XP level 13. HP: 106/137 MP: 5/25
 19623 | D:11     | Found a staircase to the Lair.
 19653 | Lair:1   | Entered Level 1 of the Lair of Beasts
 19770 | Lair:1   | Reached skill level 10 in Shields
 19807 | Lair:1   | Found a transporter.
 19812 | Lair:1   | Noticed Graphine's ghost (journeyman TrMo)
 19906 | Lair:1   | Found a transporter.
 19997 | Lair:1   | Offered knowledge of Ignite Poison by Vehumet.
 20502 | Lair:1   | Reached skill level 5 in Dodging
 20506 | Lair:1   | Learned a level 3 spell: Ignite Poison
 20875 | Lair:2   | Reached skill level 5 in Armour
 20875 | Lair:2   | Reached **** piety under Vehumet
 20880 | Lair:2   | Offered knowledge of Airstrike by Vehumet.
 21973 | Lair:2   | Found a staircase to the Snake Pit.
 23157 | Lair:2   | Learned a level 4 spell: Airstrike
 23335 | Lair:3   | Reached skill level 12 in Fighting
 23391 | Lair:3   | Noticed Urug
 23397 | Lair:3   | Killed Urug
 23573 | Lair:3   | Reached XP level 14. HP: 139/149 MP: 6/27
 23755 | Lair:3   | Noticed Gastronok
 23779 | Lair:3   | Killed Gastronok
 23952 | Lair:3   | Found a staircase to the Shoals.
 23968 | Lair:3   | Reached XP level 15. HP: 158/158 MP: 28/28
 24262 | Lair:4   | Reached ***** piety under Vehumet
 24262 | Lair:4   | Offered knowledge of Freezing Cloud by Vehumet.
 24307 | Lair:4   | Found a staircase to the Slime Pits.
 26123 | D:13     | Killed Lodul
 26269 | D:13     | Noticed Frances
 26288 | D:13     | Reached skill level 13 in Fighting
 27039 | D:13     | Killed Kirke
 27040 | D:13     | Reached skill level 1 in Staves
 27171 | D:12     | Killed from afar by Frances

Illustrated notes

Levels and vault maps discovered:
D:1:      mrwooster_arrival_arrow, layout_basic, corexii_corridor_pit,
          minmay_misc_feat_doors, minmay_stone_trees_small
D:2:      layout_basic, dk_vineyard_3, chequers_jeans, uniq_terence, uniq_robin
D:3:      layout_loops_ring, fedhas_ov_isle_minmay, kennysheep_donut,
          minmay_ruptured
D:4:      layout_basic, xom_teletrap_fun, ebering_ghost_disaster_area,
          portal_sewer_entry_f
D:5:      layout_gridville, minmay_holes, wad_rectangle_vault
D:6:      layout_loops_corners, minmay_temple_entry_gardened_gates,
          uniq_eustachio
D:7:      layout_basic, uniq_pikel
D:8:      layout_cave_pods, grunt_dithmenos_smoke, minitemple, uniq_maggie
D:9:      layout_cave_pools, pdpol_wu_jian_five_deadly_venoms
D:10:     layout_irregular_city, lemuel_tele_altar, enter_bailey_5,
          minmay_rotating_lava
D:11:     layout_loops_ring, erik_lair_dragon, lightli_wizard_tower,
          uniq_erolcha
D:12:     layout_basic, orc_0_dummy, beargit_elvish_explorers, uniq_josephine,
          uniq_snorg
D:13:     layout_gridville, lightli_church_of_beogh, uniq_lodul, uniq_kirke,
          uniq_frances
Temple:   nicolae_temple_hex_pool
Lair:1:   layout_cellular_growth, gammafunk_ghost_berserking_beasts,
          cheibrodos_lair_lostbears
Lair:2:   layout_regular_city, guppyfry_snake_entry_garden, evilmike_ambush
          [evilmike_ambush_outer_pillars, evilmike_ambush_inner_basic],
          infiniplex_staircase_pool_2
Lair:3:   layout_chaotic_city, shoals_dummy_entry, serial_bayou_shore_a,
          uniq_gastronok, uniq_urug
Lair:4:   mu_elephants_graveyard, layout_regular_city,
          minmay_slime_entry_pillars, kennysheep_rathole

Skill      XL: |  1  2  3  4  5  6  7  8  9 10 11 12 13 14 15 |
---------------+----------------------------------------------+-----
Conjurations   | 1 2 4 5 6 7 8 9 |  9.3
Fighting       | 1 2 3 4 5 7 8 9 11 12 13 | 13.0
Dodging        | 2 3 4 5 6 |  6.2
Fire Magic     | 3 4 5 6 7 8 9 |  9.3
Spellcasting   | 3 4 5 6 8 9 |  9.5
Stealth        | 2 3 |  3.0
Shields        | 1 2 3 5 7 8 9 10 11 | 11.3
Hexes          | 2 3 |  3.0
Translocations | 2 3 |  3.5
Armour         | 1 3 4 5 6 |  6.5
Poison Magic   | 2 |  2.0
Air Magic      | 2 4 |  4.2
Evocations     | 1 3 4 |  4.6
Staves         | 1 |  1.1

Action                     |  1- 3 |  4- 6 |  7- 9 | 10-12 | 13-15 || total
---------------------------+-------+-------+-------+-------+-------++-------
  Melee: Unarmed           |     4 |       |       |       |       ||     4
         Dagger            |    18 |       |       |       |    10 ||    28
         Flail             |     1 |    50 |    20 |       |       ||    71
         Rapier            |       |       |     8 |    61 |       ||    69
         Morningstar       |       |       |     6 |       |       ||     6
         Staff             |       |       |       |    24 |    96 ||   120
   Fire: Sling             |    22 |       |       |       |       ||    22
  Throw: Large rock        |     3 |       |       |     9 |     4 ||    16
         Dart              |       |       |       |     6 |    11 ||    17
   Cast: Foxfire           |    29 |    57 |   167 |   386 |   268 ||   907
         Scorch            |     8 |    27 |    56 |   178 |   156 ||   425
         Magic Dart        |       |       |       |    42 |    17 ||    59
         Flame Wave        |       |       |       |    10 |    27 ||    37
         Inner Flame       |       |       |       |     9 |    10 ||    19
         Volatile Blastmot |       |       |       |    11 |     4 ||    15
         Mephitic Cloud    |       |       |       |    18 |    10 ||    28
         Fulminant Prism   |       |       |       |     3 |    63 ||    66
         Airstrike         |       |       |       |       |     6 ||     6
         Ignite Poison     |       |       |       |       |     1 ||     1
  Evoke: Wand              |       |       |     8 |    18 |     9 ||    35
    Use: Scroll            |       |       |    10 |    11 |    10 ||    31
         Potion            |       |       |       |     7 |     2 ||     9
   Stab: Sleeping          |     2 |     4 |     1 |     1 |     1 ||     9
         Confused          |       |       |       |     1 |       ||     1
 Armour: Robe              |    21 |    14 |       |       |       ||    35
         Animal skin       |       |    12 |    19 |    20 |       ||    51
         Swamp dragon scal |       |       |       |    70 |       ||    70
         Troll leather arm |       |       |       |    12 |   111 ||   123
  Dodge: Dodged            |    29 |    40 |    37 |   116 |    75 ||   297
  Block: Kite shield       |       |       |    34 |   161 |       ||   195
         Tower shield      |       |       |       |    42 |   256 ||   298
